 Dungeon Crawl Stone Soup version 0.29-a0-297-g7659ce593d (webtiles) character file.

Game seed: 8574755915098276584

39 kae the Firebug (level 3, -13/19 HPs)
             Began as a Tengu Fire Elementalist on Mar 20, 2022.
             Mangled by an ogre
             ... wielding a +0 giant club
              (32 damage)
             ... on level 3 of the Dungeon.
             The game lasted 00:01:14 (1888 turns).

kae the Firebug (Tengu Fire Elementalist)           Turns: 1888, Time: 00:01:15

Health: -13/19     AC:  2    Str:  8    XL:     3   Next: 45%
Magic:  0/7        EV: 12    Int: 17    God:
Gold:   201        SH:  0    Dex: 14    Spells: 0/6 levels left

rFire   . . .      SeeInvis .   (no weapon)
rCold   . . .      Faith    .   (no shield)
rNeg    . . .      Spirit   .   a - +0 robe
rPois   .          Reflect  .   (helmet restricted)
rElec   .          Harm     .   (no cloak)
rCorr   .          Rampage  .   (no gloves)
Will    .....                   (boots unavailable)
Stlth   ++........              (no amulet)
HPRegen 0.06/turn               (no ring)
MPRegen 0.10/turn               (no ring)

@: no status effects
A: beak, talons 3
a: no special abilities


You were on level 3 of the Dungeon.
You visited 1 branch of the dungeon, and saw 3 of its levels.

You collected 201 gold pieces.

Inventory:

Armour
 a - a +0 robe (worn)
Scrolls
 e - a scroll of enchant weapon {unknown}
Potions
 b - a potion of magic
 c - a potion of berserk rage {unknown}
 d - a potion of flight {unknown}
 f - a potion of heal wounds {unknown}


   Skills:
 - Level 2.1 Dodging
 - Level 2.0 Stealth
 + Level 2.4 Spellcasting
 + Level 2.4 Conjurations
 * Level 4.1 Fire Magic


You couldn't memorise any spells.
You knew the following spells:

 Your Spells              Type           Power      Damage    Failure   Level
a - Foxfire               Conj/Fire      52%        2x1d6     4%          1
b - Scorch                Fire           32%        2d7       4%          2
c - Conjure Flame         Conj/Fire      13%        6-21      14%         3

Your spell library contained the following spells:

 Spells                   Type           Power      Damage    Failure   Level
 Inner Flame              Hex/Fire       9%         N/A       24%         3
 Flame Wave               Conj/Fire      13%        2d6       43%         4


Dungeon Overview and Level Annotations

Branches:
Dungeon (2/15)

Altars:

Shops:
D:1 =


Innate Abilities, Weirdness & Mutations

You have a beak for a mouth.
You have claws for feet.


Message History

Your magical contamination has completely faded away.
Magic restored.
You now have 201 gold pieces (gained 4).
Found a helmet.
As you open the door, it creaks loudly!
You hear a shout!
An ogre comes into view. It is wielding a +0 giant club.
An ogre is nearby!
An endoplasm comes into view.
Casting: Foxfire (safe; 4% risk of failure)
Confirm with . or Enter, or press ? or * to list all spells.
You conjure some foxfire!
The foxfire hits the endoplasm but does no damage.
The foxfire hits the ogre.
The ogre is lightly wounded.
Casting: Foxfire (safe; 4% risk of failure)
Confirm with . or Enter, or press ? or * to list all spells.
You conjure some foxfire!
The foxfire hits the ogre.
The ogre is moderately wounded.
The foxfire hits the endoplasm.
The endoplasm is almost dead.
Casting: Foxfire (safe; 4% risk of failure)
Confirm with . or Enter, or press ? or * to list all spells.
You conjure some foxfire!
The foxfire hits the ogre.
The ogre is heavily wounded.
The foxfire hits the endoplasm.
You kill the endoplasm!
Casting: Foxfire (safe; 4% risk of failure)
Confirm with . or Enter, or press ? or * to list all spells.
Flames lash the ogre.
The ogre is heavily wounded.
The ogre's fire resistance burns away.
The ogre closely misses you.
Casting: Scorch (safe; 4% risk of failure)
Confirm with . or Enter, or press ? or * to list all spells.
Flames lash the ogre.
The ogre is heavily wounded.
The ogre hits you with a +0 giant club!!
Ouch! That really hurt!
You die...

...........#...####
..............#
#.............#
#...[.........#####.#
#...#.####...........
#...#.# ##.......#..
#...#'#####.......#
#...O.............#
#...@........>......#
#....................
........†...........####
....................#
.......................
...................##.#
####....#+###...#### .#
#.... #...# #.... #...#


You could see an ogre (combustible).

Vanquished Creatures
  An adder (D:2)
  A worm (D:2)
  A dart slug (D:2)
  An endoplasm (D:3)
  3 giant cockroaches
  3 hobgoblins
  2 quokkas (D:2)
  6 ball pythons
  A frilled lizard (D:2)
  3 kobolds
  2 rats (D:2)
24 creatures vanquished.

Vanquished Creatures (others)
  106 foxfires
106 creatures vanquished.

Grand Total: 130 creatures vanquished

Notes
Turn   | Place    | Note
-------+----------+-------------------------------------------
     0 | D:1      | kae the Tengu Fire Elementalist began the quest for the
                  | Orb.
     0 | D:1      | Reached XP level 1. HP: 10/10 MP: 4/4
   527 | D:1      | Reached XP level 2. HP: 15/15 MP: 4/6
   576 | D:1      | Found a faded altar of an unknown god.
   859 | D:1      | Found Doivop's Jewellery Shoppe.
  1614 | D:2      | Reached skill level 4 in Fire Magic
  1614 | D:2      | Reached XP level 3. HP: 19/19 MP: 4/7
  1617 | D:2      | Learned a level 2 spell: Scorch
  1621 | D:2      | Learned a level 3 spell: Conjure Flame
  1816 | D:2      | You fall into a shaft and drop 1 floor!
  1878 | D:3      | Noticed an ogre
  1888 | D:3      | Mangled by an ogre

Illustrated notes

Levels and vault maps discovered:
D:1:      dpeg_arrival_pond, layout_loops_cross, serial_shops, shop_coins,
          chequers_ecumenical_altar_simple_redux
D:2:      layout_loops_cross
D:3:      layout_basic, uniq_ijyb, uniq_crazy_yiuf_cottage

Skill      XL: |  1  2 |
---------------+-------+-----
Conjurations   | 2 |  2.4
Fire Magic     | 4 |  4.1
Dodging        | |  2.1
Stealth        | |  2.0
Spellcasting   | |  2.4

Action                   || total
-------------------------++-------
Melee: Unarmed           ||    14
       Kick              ||     5
       Peck              ||     3
 Cast: Foxfire           ||    67
       Scorch            ||     2
  Use: Scroll            ||     2
Armor: Robe              ||     6
Dodge: Dodged            ||    17

Table legend: (Time is in decaauts)
 A = Elapsed time spent in this place.
 B = Non-inter-level travel time spent in this place.
 C = Inter-level travel time spent in this place.
 D = Time resting spent in this place.
 E = Time spent auto-exploring this place.
 F = Levels seen in this place.
 G = Mean time per level.
                   A        B        C        D        E       F      G
               +--------+--------+--------+--------+--------+-----+--------+
         Total |   1888 |   1837 |     51 |      8 |   1555 |   3 |  629.3 |
       Dungeon |   1888 |   1837 |     51 |      8 |   1555 |   3 |  629.3 |
               +--------+--------+--------+--------+--------+-----+--------+

Top non-repeatable levels by time:
     D:1: 1201 daAuts
     D:2: 615 daAuts
     D:3: 71 daAuts
